 Dungeon Crawl Stone Soup version 0.27-a0-861-g9529aa9bf3 (webtiles) character file.

Game seed: 5743307374842286958

284 HELP the Sneak (level 6, -2/28 HPs)
             Began as a Spriggan Enchanter on Apr 2, 2021.
             Slain by a ball python (3 damage)
             ... on level 3 of the Dungeon.
             The game lasted 00:28:11 (4781 turns).

HELP the Sneak (Spriggan Enchanter)                 Turns: 4781, Time: 00:28:12

Health: -2/28      AC:  4    Str:  4    XL:     6   Next: 7%
Magic:  14/14      EV: 14    Int: 18    God:
Gold:   92         SH:  0    Dex: 16    Spells: 3/15 levels left

rFire    . . .     SeeInvis +   a - +1 dagger (pain)
rCold    . . .     Faith    .   (shield restricted)
rNeg     . . .     Spirit   .   s - +0 robe
rPois    .         Reflect  .   (helmet restricted)
rElec    .         Harm     .   (no cloak)
rCorr    .         Rampage  .   (gloves unavailable)
Will     +....                  (boots unavailable)
Stlth    +++.......             (no amulet)
HPRegen  0.09/turn              (no ring)
MPRegen  0.14/turn              (no ring)

@: lethally poisoned (-2 -> -15), constricted, very quick
A: very small, no large weapons, unfitting armour, see invisible, speed 3,
antennae 1, iridescent scales 1, deterioration 1, subdued magic 1
a: no special abilities


You were on level 3 of the Dungeon.
You visited 1 branch of the dungeon, and saw 4 of its levels.

You collected 92 gold pieces.

Inventory:

Hand Weapons
 a - a +1 dagger of pain (weapon)
 b - a +2 vorpal hunting sling
 f - a +1 dagger
Missiles
 c - 32 sling bullets
 i - 13 boomerangs
Armour
 s - a +0 robe (worn)
Scrolls
 g - 4 scrolls of vulnerability {unknown}
 j - a scroll of fear {unknown}
 k - a scroll of teleportation {unknown}
 l - a scroll of magic mapping {unknown}
 m - a scroll of immolation {unknown}
 n - a scroll of amnesia {unknown}
 p - 2 scrolls of identify {unknown}
 r - a scroll of fog {unknown}
Potions
 d - a potion of heal wounds {unknown}
 e - a potion of attraction
 h - a potion of mutation
 o - 2 potions of brilliance {unknown}
 q - 2 potions of haste


   Skills:
 - Level 1.1 Short Blades
 + Level 2.7 Dodging
 + Level 6.3 Stealth
 + Level 5.0 Spellcasting
 + Level 6.1 Hexes


You had 3 spell levels left.
You knew the following spells:

 Your Spells              Type           Power      Damage    Failure   Level
a - Corona                Hex            22%        N/A       1%          1
d - Tukima's Dance        Hex            20%        N/A       2%          3
f - Dazzling Flash        Conj/Hex       22%        N/A       10%         3
x - Confusing Touch       Hex            20%        N/A       2%          3
z - Ensorcelled Hibernat  Hex/Ice        22%        N/A       4%          2

Your spell library contained the following spells:

 Spells                   Type           Power      Damage    Failure   Level
 Beastly Appendage        Tmut           6%         N/A       11%         1
 Wereblood                Tmut           3%         N/A       17%         2
 Gell's Gravitas          Tloc           1%         N/A       32%         3
 Spider Form              Tmut/Pois      1%         N/A       32%         3
 Metabolic Englaciation   Hex/Ice        5%         N/A       67%         5
 Yara's Violent Unravell  Hex/Tmut       5%         3d4       67%         5
 Ice Form                 Ice/Tmut       3%         N/A       75%         4
 Petrify                  Tmut/Erth      3%         N/A       75%         4
 Hydra Form               Tmut           1%         N/A       98%         5


Dungeon Overview and Level Annotations

Branches:
Dungeon (4/15)
 Temple: D:4-7

Altars:

Annotations:
D:4 Dowan, Duvessa


Innate Abilities, Weirdness & Mutations

You are very small and have problems with some larger weapons.
You are too small for most types of armour.
You have supernaturally acute eyesight. (SInv)
You cover ground extremely quickly. (Speed+++)
You have a pair of small antennae on your head.
You are partially covered in iridescent scales. (AC +2)
Your body sometimes deteriorates upon taking damage.
Your spells are a little easier to cast, but a little less powerful.


Message History

You climb downwards.
Level annotation: Dowan, Duvessa The ball python barely misses you. x2
Dowan hits you with a +1 dagger of venom!
You are poisoned.
The ball python bites you. The ball python grabs you.
The ball python constricts you.
There is a stone staircase leading up, spattered with blood here.
You escape the ball python's grasp.
You feel very sick.
Dowan hits you with a +1 dagger of venom.
The ball python barely misses you. x2
You climb upwards.
* * * LOW HITPOINT WARNING * * *
You feel very sick.
There is a stone staircase leading down here.
You are too injured to fight recklessly!
You are too injured to fight recklessly!
You are too injured to fight recklessly!
You are too injured to fight recklessly!
You are too injured to fight recklessly!
You are too injured to fight recklessly!
You are too injured to fight recklessly!
You are too injured to fight recklessly!
* * * LOW HITPOINT WARNING * * *
You feel sick. The ball python misses you. The ball python barely misses you.
You hit the ball python.
The ball python is severely wounded.
* * * LOW HITPOINT WARNING * * *
You feel sick. The ball python barely misses you. The ball python grabs you.
The ball python constricts you.
You hit the ball python but do no damage.
The ball python is severely wounded.
* * * LOW HITPOINT WARNING * * *
You feel sick. The ball python misses you. The ball python constricts you.
You closely miss the ball python.
The ball python is severely wounded.
* * * LOW HITPOINT WARNING * * *
You feel sick. The ball python bites you.
You die...

.....#...##......#÷#..#...#####
.....##..#....................#
.....##.......................###
.....##.#....)(.................#
###..............................
#.........÷.....#..............
#.............................#
#.............................#
#..†..........@###.............
#......#.....S># #.............
#########...#### #..........[..
##### #######....... #.......
#....... #....... #.......
#.......


You could see a ball python.

Vanquished Creatures
  An ogre (D:2)
  Natasha (thrice) (D:2)
  A gnoll (D:2)
  3 adders (D:2)
  2 worms
  A dart slug (D:2)
  3 ball pythons
  2 endoplasms (D:1)
  2 giant cockroaches (D:2)
  7 goblins
  7 hobgoblins
  15 jackals
  3 quokkas
  6 bats
  A frilled lizard (D:3)
  7 kobolds
  9 rats
73 creatures vanquished.

Vanquished Creatures (collateral kills)
  A gnoll (D:2)
1 creature vanquished.

Vanquished Creatures (others)
  A dancing weapon (D:2)
1 creature vanquished.

Grand Total: 75 creatures vanquished

Notes
Turn   | Place    | Note
-------+----------+-------------------------------------------
     0 | D:1      | HELP the Spriggan Enchanter began the quest for the Orb.
     0 | D:1      | Reached XP level 1. HP: 9/9 MP: 5/5
   306 | D:1      | Reached XP level 2. HP: 13/13 MP: 4/6
   874 | D:1      | Learned a level 2 spell: Ensorcelled Hibernation
  1393 | D:1      | Reached XP level 3. HP: 16/16 MP: 4/8
  1397 | D:1      | Learned a level 3 spell: Confusing Touch
  1497 | D:1      | Reached skill level 5 in Stealth
  2005 | D:2      | Gained mutation: Your spells are a little easier to cast,
                  | but a little less powerful. [potion of mutation]
  2005 | D:2      | Gained mutation: Your body sometimes deteriorates upon
                  | taking damage. [potion of mutation]
  2005 | D:2      | Gained mutation: You are partially covered in iridescent
                  | scales. (AC +2) [potion of mutation]
  2005 | D:2      | Gained mutation: You have a pair of small antennae on your
                  | head. [potion of mutation]
  2255 | D:2      | Noticed Natasha
  2290 | D:2      | Killed Natasha
  2291 | D:2      | Reached skill level 5 in Hexes
  2291 | D:2      | Reached XP level 4. HP: 21/21 MP: 4/10
  2616 | D:2      | Noticed Natasha
  2733 | D:2      | Killed Natasha
  2978 | D:2      | Noticed Natasha
  2985 | D:2      | Killed Natasha
  2986 | D:2      | Reached XP level 5. HP: 24/24 MP: 9/12
  3135 | D:2      | Noticed an ogre
  3160 | D:2      | Killed an ogre
  3654 | D:2      | Learned a level 3 spell: Tukima's Dance
  4064 | D:3      | Reached XP level 6. HP: 28/28 MP: 14/14
  4100 | D:3      | Reached skill level 5 in Spellcasting
  4248 | D:3      | Learned a level 3 spell: Dazzling Flash
  4429 | D:3      | Found a faded altar of an unknown god.
  4754 | D:4      | Noticed Dowan
  4758 | D:4      | Noticed Duvessa
  4781 | D:3      | HP: 1/28 [poisoned by Dowan]
  4781 | D:3      | Slain by a ball python

Illustrated notes

Levels and vault maps discovered:
D:1:      dpeg_arrival_round_a, layout_loops_ring, minmay_close_crescents
D:2:      layout_basic, uniq_natasha
D:3:      layout_rooms, ebering_ecumenical_altar_hall
D:4:      layout_basic, tgw_kikubaaqudgha, minmay_snake_closets, uniq_ijyb,
          uniq_duvessa

Skill      XL: |  1  2  3  4  5  6 |
---------------+-------------------+-----
Hexes          | 4 5 6 |  6.1
Spellcasting   | 3 4 5 |  5.0
Stealth        | 5 6 |  6.3
Short Blades   | |  1.1
Dodging        | |  2.7

Action                   |  1- 3 |  4- 6 || total
-------------------------+-------+-------++-------
Melee: Dagger            |   109 |   132 ||   241
 Cast: Corona            |    25 |     3 ||    28
       Ensorcelled Hiber |    12 |    30 ||    42
       Confusing Touch   |       |     5 ||     5
       Tukima's Dance    |       |     2 ||     2
  Use: Potion            |     5 |       ||     5
 Stab: Sleeping          |    13 |    22 ||    35
       Confused          |       |     5 ||     5
       Distracted        |       |     1 ||     1
Armor: Robe              |    15 |    22 ||    37
Dodge: Dodged            |    84 |   132 ||   216

Table legend: (Time is in decaauts)
 A = Elapsed time spent in this place.
 B = Non-inter-level travel time spent in this place.
 C = Inter-level travel time spent in this place.
 D = Time resting spent in this place.
 E = Time spent auto-exploring this place.
 F = Levels seen in this place.
 G = Mean time per level.
                   A        B        C        D        E       F      G
               +--------+--------+--------+--------+--------+-----+--------+
         Total |   3739 |   3714 |     25 |   1316 |   1304 |   4 |  934.8 |
       Dungeon |   3739 |   3714 |     25 |   1316 |   1304 |   4 |  934.8 |
               +--------+--------+--------+--------+--------+-----+--------+

Top non-repeatable levels by time:
     D:2: 1857 daAuts
     D:1: 1350 daAuts
     D:3: 491 daAuts
     D:4: 39 daAuts
